 Dungeon Crawl Stone Soup version 0.32-a0-540-g866d13106e (webtiles) character file.

Game seed: 5591205630846931230

1976 Pooter the Cleaver (level 9, -12/83 HPs)
             Began as a Minotaur Monk on Feb 28, 2024.
             Mangled by Pikel
             ... wielding a +2 whip of electrocution
              (15 damage)
             ... on level 6 of the Dungeon.
             The game lasted 00:24:41 (5002 turns).

Pooter the Cleaver (Minotaur Monk)                  Turns: 5002, Time: 00:24:42

Health: -12/83     AC: 14    Str: 20    XL:     9   Next: 0%
Magic:  8/8        EV:  6    Int:  7    God:
Gold:   112        SH:  0    Dex: 13    Spells: 8/8 levels left

rFire   + . .        a - +3 war axe
rCold   . . .        d - orb {light}
rNeg    . . .        I - +0 plate armour
rPois   .            A - +2 hat
rElec   .            (no cloak)
rCorr   .            j - +0 pair of gloves
SInv    .            v - +0 pair of boots
Will    +....        (no amulet) Stlth
                     g - ring of willpower
HPRegen 0.33/turn    F - ring of protection from fire
MPRegen 0.11/turn

%: no passive effects
@: glowing
A: horns 2, retaliatory headbutt
a: no special abilities


You were on level 6 of the Dungeon.
You visited 1 branch of the dungeon, and saw 7 of its levels.

You collected 266 gold pieces.
You spent 154 gold pieces at shops.

Inventory:

Hand Weapons
 a - a +3 war axe (weapon)
   (You found it on level 6 of the Dungeon)
 i - a +1 trident of venom
   (You took it off an orc on level 5 of the Dungeon)
 G - a +0 morningstar
   (You took it off an orc on level 6 of the Dungeon)
Missiles
 q - 3 boomerangs
 B - 12 poisoned darts (quivered)
 E - 2 darts of dispersal {!f}
 Q - 66 stones
Armour
 d - an orb of light (worn)
 e - an orb of mayhem
   (You found it on level 1 of the Dungeon)
 j - a +0 pair of gloves (worn)
   (You found it on level 2 of the Dungeon)
 v - a +0 pair of boots (worn)
   (You found it on level 4 of the Dungeon)
 A - a +2 hat (worn)
   (You found it on level 5 of the Dungeon)
 I - a +0 plate armour (worn)
   (You found it on level 6 of the Dungeon)
Jewellery
 g - a ring of willpower (left hand)
   (You found it on level 1 of the Dungeon)
 l - a ring of ice
   (You found it on level 2 of the Dungeon)
 C - a ring of resist corrosion
   (You found it on level 3 of the Dungeon)
 F - a ring of protection from fire (right hand)
   (You found it on level 2 of the Dungeon)
Wands
 f - a wand of flame (12)
   (You bought it in a shop on level 1 of the Dungeon)
 H - a wand of warping (1)
   (You found it on level 6 of the Dungeon)
Scrolls
 h - 2 scrolls of noise {!r}
 k - a scroll of poison {!r}
 n - 2 scrolls of immolation {!r}
 o - 2 scrolls of fog {unknown}
 r - a scroll of vulnerability {unknown}
 t - a scroll of teleportation {@r4}
 u - a scroll of amnesia
 D - a scroll of revelation {unknown}
Potions
 b - a potion of resistance {unknown}
 c - 4 potions of heal wounds {unknown}
 m - 3 potions of curing {@q1}
 p - a potion of berserk rage {unknown}
 s - 2 potions of might {unknown}
 w - a potion of attraction {unknown}
 x - a potion of mutation {unknown}
 z - a potion of lignification {unknown}


   Skills:
 + Level 9.0 Fighting
 * Level 11.9 Axes
 - Level 3.2 Dodging


You had 8 spell levels left.
You didn't know any spells.
Your spell library contained the following spells:

 Spells                   Type           Power      Damage    Failure   Level
 Kiss of Death            Conj/Necr      0%         2d5       100%        1
 Frozen Ramparts          Ice            0%         1d1       100%        3
 Hailstorm                Conj/Ice       0%         3d5       100%        3
 Leda's Liquefaction      Alch/Erth      0%         N/A       100%        4
 Petrify                  Alch/Erth      0%         N/A       100%        4
 Metabolic Englaciation   Hex/Ice        0%         N/A       100%        5
 Yara's Violent Unravell  Hex/Alch       0%         3d3       100%        5
 Lehudib's Crystal Spear  Conj/Erth      0%         10d2      100%        8


Dungeon Overview and Level Annotations

Branches:
Dungeon (7/15) Zot: 26921
 Temple: D:4-7

Altars:

Shops:
D:1 ***   D:3 =   D:6 (*(

Annotations:
D:4 1 runed translucent door, Crazy Yiuf
D:6 Pikel


Innate Abilities, Weirdness & Mutations

You have a pair of horns on your head.
You reflexively headbutt those who attack you in melee.


Message History

You slash Maggie!
Maggie points at you and mumbles some strange words.
The bolt of fire hits you. You resist.
* * * LOW HITPOINT WARNING * * *
Unknown command.
You hit Maggie but do no damage.
The centaur wields a +0 shortbow.
The centaur shoots an arrow.
The arrow hits you but does no damage.
Maggie points at you and mumbles some strange words.
The bolt of fire hits you! You resist.
* * * LOW HITPOINT WARNING * * *
Unknown command.
Aiming: Warp Space
Press: ? - help, Shift-Dir - straight line Space twists violently!
The rupture engulfs the centaur!
The rupture engulfs Maggie!
You break out of your daze!
You kill Maggie!
The centaur shoots an arrow.
The arrow hits you but does no damage.
The centaur shoots an arrow.
The arrow hits you.
* * * LOW HITPOINT WARNING * * *
Your life force feels restored.
Your Fighting skill increases to level 9!
You have reached level 9!
Your experience leads to an increase in your attributes!
Increase (s)trength, (i)ntelligence, or (d)exterity?
You feel stronger. x2
A lemure comes into view.
The lemure shouts!
The centaur shoots an arrow.
The arrow hits you but does no damage.
The centaur shoots an arrow.
The arrow hits you!
* * * LOW HITPOINT WARNING * * *
A sleepcap comes into view.
The lemure hits you but does no damage.
The centaur shoots an arrow.
The arrow hits you.
* * * LOW HITPOINT WARNING * * *
There is a stone staircase leading up here.
Pikel hits you but does no damage.
You are electrocuted!
* * * LOW HITPOINT WARNING * * *
The lemure hits you but does no damage.
The centaur shoots an arrow.
The arrow hits you but does no damage.
You climb upwards.
There is a stone staircase leading down here.
Aiming: Warp Space
Press: ? - help, Shift-Dir - straight line Space twists violently!
The rupture engulfs Pikel.
Pikel hits you but does no damage.
You are electrocuted!
You die...
Pikel says, "Another soul for the market."

..# #...#...##.#.....##.##.##.##
..# #........##..)...##.##.##.#
.## #........###.).........##.#
.# #........# #)....##.#####.#
.## #........###...####.# #.#
..#####....#........# #.# ###.#
..........#.######..# #.###.#.#
...#####..#.######..# #.##.#..#
#<#.####......<.@...####.#.#...#
...............K5........##...###
#.#.#.#[#..#######..........>....
...##..###.## ########...##...###
#.#...## ##.# #.....##.#.###.## #
#.#.#..###.## #.###.##.#.###.# #
#.#.#.#.#..# #.#............####
..#...##.#.# #.#.#.##.#.........
..#.######.# #.....##.##########


You could see Pikel and a lemure.

Vanquished Creatures
  Maggie (D:7)
  Eustachio (D:4)
  2 sky beasts
  4 black bears
  An ogre (D:6)
  2 lemures
  A phantom (D:6)
  2 bullfrogs (D:6)
  3 scorpions (D:5)
  5 bombardier beetles
  2 jellies
  2 orc priests (D:6)
  2 iguanas
  2 sleepcaps (D:6)
  3 gnolls (D:5)
  4 adders
  A shadow imp (D:6)
  4 ufetubi (D:6)
  A ribbon worm (D:3)
  18 orcs
  11 endoplasms
  4 giant cockroaches
  9 goblins
  15 hobgoblins
  14 kobolds
  6 quokkas
  2 ball pythons
  5 bats
  A frilled lizard (D:1)
  9 rats
137 creatures vanquished.

Notes
Turn   | Place    | Note
-------+----------+-------------------------------------------
     0 | D:1      | Pooter the Minotaur Monk began the quest for the Orb.
     0 | D:1      | Reached XP level 1. HP: 19/19 MP: 0/0
   107 | D:1      | Reached skill level 4 in Axes
   139 | D:1      | Reached XP level 2. HP: 27/27 MP: 1/1
   139 | D:1      | Found Oserch's General Store.
   148 | D:1      | Bought a scroll of noise for 11 gold pieces
   148 | D:1      | Bought a potion of degeneration for 11 gold pieces
   291 | D:1      | Found Ruacet's General Store.
   291 | D:1      | Found Vumm's Assorted Antiques.
   691 | D:2      | Reached XP level 3. HP: 33/33 MP: 2/2
  1339 | D:3      | Reached skill level 5 in Axes
  1526 | D:3      | Found Ipimp's Jewellery Shop.
  1996 | D:4      | Reached XP level 4. HP: 41/41 MP: 3/3
  2268 | D:4      | Reached skill level 5 in Fighting
  2268 | D:4      | Reached skill level 6 in Axes
  2268 | D:4      | Reached XP level 5. HP: 48/48 MP: 4/4
  2297 | D:4      | Noticed a sky beast
  2303 | D:4      | Killed a sky beast
  2344 | D:4      | Noticed Eustachio
  2371 | D:4      | Killed Eustachio
  2372 | D:4      | Reached skill level 7 in Axes
  2372 | D:4      | Reached XP level 6. HP: 29/57 MP: 5/5
  2616 | D:4      | Found a runed translucent door.
  2617 | D:4      | Noticed Crazy Yiuf
  2750 | D:5      | Entered Level 5 of the Dungeon
  2887 | D:1      | Bought a coppery potion for 20 gold pieces
  2887 | D:1      | Bought a yellow potion for 20 gold pieces
  2887 | D:1      | Bought a jewelled silver wand for 92 gold pieces
  3006 | D:5      | Reached skill level 8 in Axes
  3107 | D:5      | Noticed a water moccasin
  3153 | D:5      | Reached XP level 7. HP: 60/63 MP: 6/6
  3988 | D:6      | Reached skill level 9 in Axes
  4096 | D:6      | Got the Compilation of Kinetic Enchantment
  4098 | D:6      | Found Paopoa's Weapon Emporium.
  4352 | D:6      | Reached XP level 8. HP: 73/73 MP: 7/7
  4365 | D:6      | Reached skill level 10 in Axes
  4379 | D:6      | Identified the +2 robe of Instinct {*Slow rElec rPois
                  | Regen+}
  4381 | D:6      | Found Jyemoh's Weapon Shoppe.
  4592 | D:6      | Found Jeniyxoh's Assorted Antiques.
  4653 | D:6      | Reached skill level 11 in Axes
  4977 | D:7      | Noticed Maggie
  4993 | D:7      | Noticed Pikel
  4996 | D:7      | Killed Maggie
  4997 | D:7      | Reached XP level 9. HP: 23/83 MP: 8/8
  5000 | D:7      | HP: 2/83 [Pikel/+2 whip of electrocution (12)]
  5002 | D:6      | Mangled by Pikel

Illustrated notes

Levels and vault maps discovered:
D:1:      lemuel_arrival_muddy, layout_basic, serial_shops, shop,
          nicolae_shop_hallway_stairs, shop
D:2:      layout_basic, dreamdust_mushroom_princess
D:3:      wad_pebble_path, layout_loops_ring, serial_shops,
          nicolae_diamond_shop, kennysheep_donut, supply_closet_lemuel
D:4:      layout_cave_pools, uniq_eustachio, uniq_crazy_yiuf_cottage
D:5:      corexii_shantytown, layout_basic, chequers_serial_rivers_micro_a
D:6:      layout_loops_ring, serial_shops, nicolae_inconvenience_store, shop,
          shop
D:7:      layout_rooms, minmay_temple_entry_water_ring, serial_shops, shop,
          uniq_maggie, uniq_pikel, uniq_menkaure

Skill      XL: |  1  2  3  4  5  6  7  8 |
---------------+-------------------------+-----
Axes           | 4 5 6 7 8 9 11 | 11.9
Fighting       | 4 5 6 7 9 |  9.0
Dodging        | |  3.2

Action                     |  1- 3 |  4- 6 |  7- 9 || total
---------------------------+-------+-------+-------++-------
  Melee: Hand axe          |   101 |    46 |    10 ||   157
         Headbutt          |    21 |    15 |    42 ||    78
         Trident           |       |       |   128 ||   128
         War axe           |       |       |    30 ||    30
  Throw: Stone             |     2 |       |       ||     2
         Boomerang         |       |     4 |       ||     4
  Evoke: Wand              |       |       |     4 ||     4
    Use: Scroll            |     3 |       |     5 ||     8
         Potion            |       |     1 |     1 ||     2
 Armour: Robe              |    43 |    24 |    21 ||    88
         Plate armour      |       |       |    81 ||    81
         Ring mail         |       |       |     1 ||     1
  Dodge: Dodged            |    60 |    20 |    49 ||   129

Table legend: (Time is in decaauts)
 A = Elapsed time spent in this place.
 B = Non-inter-level travel time spent in this place.
 C = Inter-level travel time spent in this place.
 D = Time resting spent in this place.
 E = Time spent auto-exploring this place.
 F = Levels seen in this place.
 G = Mean time per level.
                   A        B        C        D        E       F      G
               +--------+--------+--------+--------+--------+-----+--------+
         Total |   5009 |   4590 |    419 |    333 |   3321 |   7 |  715.6 |
       Dungeon |   5009 |   4590 |    419 |    333 |   3321 |   7 |  715.6 |
               +--------+--------+--------+--------+--------+-----+--------+

Top non-repeatable levels by time:
     D:5: 1039 daAuts
     D:6: 977 daAuts
     D:4: 820 daAuts
     D:1: 785 daAuts
     D:2: 684 daAuts
     D:3: 654 daAuts
     D:7: 47 daAuts
